 Dungeon Crawl Stone Soup version 0.28.0-45-g0d030f2227 (webtiles) character file.

Game seed: 15115809062242689047

13709 protoss039 the Blocker (level 12, 0/98 HPs)
             Began as a Formicid Fighter on Apr 11, 2022.
             Was a High Priest of Okawaru.
             Succumbed to a tengu reaver's poison
             ... on level 11 of the Dungeon.
             The game lasted 00:25:09 (14133 turns).

protoss039 the Blocker (Formicid Fighter)          Turns: 14133, Time: 00:25:10

Health: 0/98       AC: 21    Str: 25    XL:     12   Next: 36%
Magic:  18/18      EV:  7    Int:  9    God:    Okawaru [*****.]
Gold:   165        SH:  7    Dex: 15    Spells: 11/11 levels left

rFire   . . .      SeeInvis +   s - +7 long sword of the Middle {speed, Dex+5}
rCold   . . .      Faith    .   c - +0 buckler
rNeg    . . .      Spirit   .   g - +0 plate armour
rPois   .          Reflect  .   (helmet unavailable)
rElec   .          Harm     .   f - +0 cloak
rCorr   .          Rampage  .   (no gloves)
Will    +....                   q - +0 pair of boots
Stlth   ..........              I - amulet of regeneration
HPRegen 1.06/turn               t - +4 ring of slaying
MPRegen 0.16/turn               k - +4 ring of protection

@: lethally poisoned (0 -> -14), studying Staves
A: permanent stasis, dig shafts and tunnels, antennae 3, four strong arms
a: Dig, Shaft Self, Renounce Religion, Heroism, Finesse, Duel


You were on level 11 of the Dungeon.
You worshipped Okawaru.
Okawaru was extremely pleased with you.
You visited 2 branches of the dungeon, and saw 12 of its levels.

You collected 465 gold pieces.
You spent 300 gold pieces at shops.

Inventory:

Hand Weapons
 h - a +1 vorpal hand axe
 s - the +7 long sword of the Middle (weapon) {speed, Dex+5}
   (You took it off a hobgoblin on level 4 of the Dungeon)

   Attacks with this weapon are significantly faster.
   Dex:       It affects your dexterity (+5).
 v - a +4 scimitar of flaming
Armour
 c - a +0 buckler (worn)
 f - a +0 cloak (worn)
 g - a +0 plate armour (worn)
 q - a +0 pair of boots (worn)
Jewellery
 k - a +4 ring of protection (right hand)
 t - a +4 ring of slaying (left hand)
 H - a ring of flight
 I - an amulet of regeneration (around neck)
Wands
 o - a wand of iceblast (4)
 w - a wand of digging (6)
 x - a wand of polymorph (14)
Scrolls
 a - a scroll of acquirement {unknown}
 b - a scroll of holy word {unknown}
 e - 2 scrolls of enchant weapon {unknown}
 i - a scroll of noise {unknown}
 j - 3 scrolls of identify
 m - a scroll of torment {unknown}
 n - 2 scrolls of fear
 p - 2 scrolls of brand weapon
 r - 3 scrolls of immolation {unknown}
 u - a scroll of vulnerability {unknown}
 y - a scroll of summoning {unknown}
 C - a scroll of fog
 E - a scroll of teleportation {unknown}
Potions
 d - 2 potions of cancellation
 l - 3 potions of mutation
 A - a potion of attraction {unknown}
 B - a potion of flight {unknown}
 D - a potion of brilliance {unknown}
 G - a potion of degeneration {unknown}
Miscellaneous
 F - a condenser vane


   Skills:
 + Level 10.5 Fighting
 + Level 9.3 Axes
 + Level 10.5 Armour
 + Level 11.3 Shields
 - Level 8.0 Invocations


You had 11 spell levels left.
You didn't know any spells.
Your spell library contained the following spells:

 Spells                   Type           Power      Damage    Failure   Level
 Apportation              Tloc           0%         N/A       99%         1
 Corpse Rot               Necr/Air       0%         N/A       100%        2
 Sublimation of Blood     Necr           0%         N/A       100%        2
 Wereblood                Tmut           0%         N/A       100%        2
 Lesser Beckoning         Tloc           0%         N/A       100%        3
 Portal Projectile        Hex/Tloc       0%         N/A       100%        3
 Dispel Undead            Necr           0%         3d6       100%        4
 Leda's Liquefaction      Hex/Erth       0%         N/A       100%        4
 Manifold Assault         Tloc           0%         N/A       100%        5
 Storm Form               Tmut/Air       0%         N/A       100%        7
 Animate Skeleton         Necr           Unusable   N/A       N/A         1
 Summon Small Mammal      Summ           Unusable   N/A       N/A         1
 Blink                    Tloc           Unusable   N/A       N/A         2
 Call Canine Familiar     Summ           Unusable   N/A       N/A         3
 Death Channel            Necr           Unusable   N/A       N/A         6
 Summon Hydra             Summ           Unusable   N/A       N/A         7

Dungeon Overview and Level Annotations

Branches:
Dungeon (11/15)            Temple (1/1) D:6            Lair (0/6) D:8
    Orc (0/2) D:9

Altars:
Ashenzari
Cheibriados
Dithmenos
Elyvilon
Fedhas
Gozag
Hepliaklqana
Kikubaaqudgha
Makhleb
Nemelex Xobeh
Okawaru
Qazlal
Ru
Sif Muna
Trog
Uskayaw
Vehumet
Wu Jian
Xom
Yredelemnul
Zin
The Shining One
Beogh

Shops:
D:2 !(*=(


Innate Abilities, Weirdness & Mutations

You cannot be hasted, slowed, berserked, paralysed or teleported.
You can dig through walls and to a lower floor.
You have a pair of large antennae on your head. (SInv)
Your four strong arms can wield two-handed weapons with a shield.


Message History

The tengu reaver shouts!
Press: ? - help, v - describe, . - travel
Here: a tengu reaver, wielding a +2 halberd of venom and wearing a +0 ring mail of fire resistance The floor.
The tengu reaver gestures at you while chanting.
The bolt of lightning hits you!!
Unknown command.
You barely miss the tengu reaver.
The tengu reaver gestures at you while chanting.
The bolt of fire hits you!!!
Unknown command.
You slash the tengu reaver!
The tengu reaver is moderately wounded.
You block the tengu reaver's attack.
The tengu reaver pecks you but does no damage.
The tengu reaver claws you but does no damage.
Unknown command.
You miss the tengu reaver.
The tengu reaver is lightly wounded.
The tengu reaver hits you with a +2 halberd of venom!!
* * * LOW HITPOINT WARNING * * *
You are lethally poisoned!
The tengu reaver pecks you but does no damage.
The tengu reaver claws you but does no damage.
Unknown command.
Unknown command.
Unknown command.
Drinking this now will have no effect.
Unknown command.
As you read the scroll of fear, it crumbles to dust.
You assume a fearsome visage.
The tengu reaver looks frightened!
* * * LOW HITPOINT WARNING * * *
You feel extremely sick.
Unknown command.
Unknown command.
Unknown command.
Okay, then.
Okay, then.
It was a potion of magic.
Magic courses through your body.
You die...

[[.............# ..
...............# .≈≈≈. .
..[.....†......# .≈≈..
...............####.....
........................
.......###..............
.......#.#..............
.....###)#..............
.....#.#.#......@.Q.....
.....#.#.##...##........
....#.#.#.#...#.###.....
....###.#.#.#### ....
......#.#.#.# ....
......###.### ..[.
........#.# #####.....
....#############......(...
##### #[#...............


You could see a tengu reaver (fleeing).

Vanquished Creatures
  Erolcha (D:10)
  2 hydras (D:11)
  A two-headed ogre (D:10)
  2 deep troll earth magi (D:11)
  A wolf spider (D:11)
  A cyclops (D:11)
  A manticore (D:11)
  An ugly thing (D:10)
  Maggie (D:10)
  An unseen horror (D:8)
  A gargoyle (D:10)
  A kobold demonologist (D:10)
  9 yaks (D:9)
  Grum (D:10)
  2 steam dragons
  3 wargs (D:9)
  3 acid dragons
  A water moccasin (D:8)
  An ice beast (D:5)
  2 orc warriors (D:9)
  5 sky beasts
  A boggart (D:11)
  2 necrophages (D:6)
  An ogre (D:5)
  2 wolves (D:10)
  8 centaurs
  A centaur (shapeshifter) (D:11)
  2 phantoms
  4 kobold brigands
  2 bullfrogs
  A gnoll sergeant (D:8)
  A scorpion (D:6)
  14 wights
  A howler monkey (D:6)
  2 centaur zombies
  A centaur skeleton (D:7)
  4 hounds
  14 orc priests
  A bullfrog skeleton (D:6)
  3 iguanas
  8 orc wizards
  A statue (D:5)
  13 gnolls
  2 howler monkey skeletons (D:4)
  6 adders
  2 shadow imps
  2 white imps
  An ufetubus (D:7)
  An adder zombie (D:5)
  A worm (D:2)
  A dart slug (D:3)
  18 orcs
  4 bats
  3 endoplasms
  5 giant cockroaches
  5 hobgoblins
  3 jackals (D:3)
  24 kobolds
  A quokka (D:2)
  4 ball pythons
  2 frilled lizards
  6 goblins
  5 rats
224 creatures vanquished.

Vanquished Creatures (others)
  Erica (D:8)
  An ice beast (D:5)
2 creatures vanquished.

Grand Total: 226 creatures vanquished

Notes
Turn   | Place    | Note
-------+----------+-------------------------------------------
     0 | D:1      | protoss039 the Formicid Fighter began the quest for the
                  | Orb.
     0 | D:1      | Reached XP level 1. HP: 18/18 MP: 1/1
   368 | D:1      | Reached XP level 2. HP: 22/24 MP: 2/2
  1152 | D:2      | Reached skill level 4 in Shields
  1152 | D:2      | Reached XP level 3. HP: 29/29 MP: 3/3
  1159 | D:2      | Found Areumas's Assorted Antiques.
  1184 | D:2      | Found Dilodgha's Distillery.
  1209 | D:2      | Found Meffi's Antique Weapon Shoppe.
  1229 | D:2      | Found an ornate altar of the Wu Jian Council.
  1412 | D:2      | Found Roghazee's Antique Weapon Shop.
  1681 | D:2      | Reached XP level 4. HP: 32/37 MP: 4/4
  1738 | D:2      | Found Ale Roj's Jewellery Emporium.
  1812 | D:2      | Found a faded altar of an unknown god.
  2323 | D:3      | Found a glowing silver altar of Zin.
  2627 | D:4      | Noticed a phantom
  2652 | D:4      | Killed a phantom
  2653 | D:4      | Reached XP level 5. HP: 16/42 MP: 5/5
  3041 | D:4      | Reached XP level 6. HP: 36/49 MP: 6/6
  3055 | D:4      | Reached skill level 5 in Shields
  3586 | D:4      | Identified the +7 long sword of the Middle {speed, Dex+5}
  3851 | D:5      | Entered Level 5 of the Dungeon
  3853 | D:5      | Reached XP level 7. HP: 55/55 MP: 7/7
  3959 | D:5      | Found a radiant altar of Vehumet.
  3986 | D:5      | Reached skill level 5 in Fighting
  3986 | D:5      | Reached skill level 5 in Armour
  4216 | D:5      | Found a shimmering blue altar of Sif Muna.
  4967 | D:6      | Reached skill level 6 in Shields
  4967 | D:6      | Reached XP level 8. HP: 61/63 MP: 8/8
  5266 | D:6      | Found a white marble altar of Elyvilon.
  5295 | D:6      | Reached skill level 5 in Axes
  5492 | D:6      | Found a staircase to the Ecumenical Temple.
  5756 | Temple   | Entered the Ecumenical Temple
  5921 | D:6      | Reached skill level 7 in Shields
  6030 | D:6      | Reached XP level 9. HP: 71/71 MP: 9/9
  6052 | D:6      | Found a bloodstained altar of Trog.
  6303 | D:6      | Found an iron altar of Okawaru.
  6430 | D:6      | Became a worshipper of Warmaster Okawaru
  6556 | D:7      | Reached skill level 1 in Invocations
  7150 | D:8      | Found a staircase to the Lair.
  7153 | D:8      | Reached * piety under Okawaru
  7296 | D:8      | Noticed an unseen horror
  7298 | D:8      | Noticed Erica
  7317 | D:8      | Killed Erica
  7318 | D:8      | Reached skill level 8 in Shields
  7320 | D:8      | Reached XP level 10. HP: 18/79 MP: 9/13
  7322 | D:8      | Killed an unseen horror
  7323 | D:8      | Reached skill level 5 in Invocations
  7802 | D:8      | Noticed a two-headed ogre
  7839 | D:6      | You fall into a shaft and drop 1 floor!
  8013 | D:8      | Found a broken altar of Ashenzari.
  8604 | D:9      | Found a staircase to the Orcish Mines.
  8610 | D:9      | Reached ** piety under Okawaru
  9079 | D:9      | Found a blossoming altar of Fedhas.
  9314 | D:9      | Reached skill level 9 in Shields
  9821 | D:9      | Reached *** piety under Okawaru
  9827 | D:9      | Reached XP level 11. HP: 71/87 MP: 16/16
  9850 | D:9      | HP: 4/87 [yak (11)]
 10342 | D:10     | Entered Level 10 of the Dungeon
 10342 | D:10     | Noticed Erolcha
 10422 | D:10     | Found a basalt altar of Yredelemnul.
 10619 | D:10     | Noticed Maggie
 10648 | D:10     | Killed Maggie
 10959 | D:10     | Killed Erolcha
 10960 | D:10     | Reached skill level 10 in Shields
 11100 | D:10     | Reached **** piety under Okawaru
 11355 | D:10     | Noticed a two-headed ogre
 11367 | D:10     | Killed a two-headed ogre
 11368 | D:10     | Noticed Grum
 11374 | D:10     | Killed Grum
 11855 | D:11     | Noticed a manticore
 11860 | D:11     | Killed a manticore
 11862 | D:11     | Noticed a six-headed hydra
 11869 | D:11     | Killed a four-headed hydra
 11869 | D:11     | Reached ***** piety under Okawaru
 12281 | D:11     | Noticed a cyclops
 12287 | D:10     | Identified the +5 robe of Keallihawk {Int+3 Dex+3}
 12319 | D:11     | Noticed a green ugly thing
 12320 | D:11     | Noticed a deep troll earth mage
 12437 | D:10     | Killed a green ugly thing
 12713 | D:11     | Noticed a tengu reaver
 12789 | D:11     | Noticed a two-headed ogre
 12902 | D:11     | Noticed a deep troll earth mage
 12914 | D:11     | Killed a deep troll earth mage
 12915 | D:11     | Reached skill level 10 in Fighting
 12915 | D:11     | Reached skill level 10 in Armour
 12915 | D:11     | Reached XP level 12. HP: 60/97 MP: 11/18
 12920 | D:11     | Killed a deep troll earth mage
 12920 | D:11     | Identified the +0 ring mail of Zahecwit {Regen+ rCorr Str-2
                  | Dex+3} (Okawaru gifted it to you on level 11 of the
                  | Dungeon)
 12920 | D:11     | Received a gift from Okawaru
 13243 | D:11     | Reached skill level 11 in Shields
 13404 | D:11     | Noticed a five-headed hydra
 13413 | D:11     | Killed a one-headed hydra
 13852 | D:2      | Bought an amulet of regeneration for 300 gold pieces
 14132 | D:11     | HP: 4/98 [poisoned by a tengu reaver]
 14133 | D:11     | Succumbed to a tengu reaver's poison

Illustrated notes

Levels and vault maps discovered:
D:1:      kennysheep_arrival_forest, layout_loops_corners, serial_forest,
          infiniplex_forest_clump_small, infiniplex_forest_lined_2,
          infiniplex_forest_lined_3, infiniplex_forest_diagonal,
          infiniplex_forest_clump_diagonal
D:2:      layout_basic, serial_shops, nicolae_shop_crystal,
          nicolae_shop_crystal, shop_fountains, shop, nicolae_square_shop,
          basic_altar, hellmonk_ecumenical_altar_run_dry, nrook_loot_triangle,
          minmay_misc_feat_five, minmay_quantized
D:3:      layout_loops_cross, zin_statuary
D:4:      layout_gridville, minmay_diced_spiral
D:5:      layout_basic, vehumet_statue, nicolae_sif_muna_little_library,
          lemuel_flamethrower_2
D:6:      layout_cave_pools, trog_three_pillars_becter, okawaru_gym_becter,
          lemuel_doored_altar, minmay_temple_entry_statues, centaur_isle
D:7:      layout_basic
D:8:      layout_rooms, mainiacjoe_overflow_small_starburst, dpeg_oklobed_lair,
          david_defended_altar_orc, uniq_erica
D:9:      layout_roguey, fedhas_bush_and_centaur_altar,
          minmay_orc_entry_guard_dogs, serial_rivers,
          chequers_serial_rivers_large_a, chequers_serial_rivers_micro_d,
          chequers_serial_rivers_room_a, chequers_serial_rivers_micro_e,
          chequers_serial_rivers_micro_d
D:10:     layout_basic, lemuel_tele_altar, nicolae_figureground_sparkle,
          uniq_grum, uniq_erolcha, uniq_maggie
D:11:     minmay_chopped_fan, layout_irregular_city, serial_rivers,
          chequers_serial_rivers_small_b, chequers_serial_rivers_micro_c,
          chequers_serial_rivers_room_b, chequers_serial_rivers_micro_b,
          hangedman_decor_points
Temple:   cyrus_circular_temple

Skill      XL: |  1  2  3  4  5  6  7  8  9 10 11 12 |
---------------+-------------------------------------+-----
Shields        | 4 5 6 7 8 9 10 11 | 11.3
Fighting       | 4 5 6 7 8 10 | 10.5
Axes           | 3 4 5 6 7 8 9 |  9.3
Armour         | 4 5 6 7 8 10 | 10.5
Invocations    | 4 7 8 |  8.0

Action                   |  1- 3 |  4- 6 |  7- 9 | 10-12 || total
-------------------------+-------+-------+-------+-------++-------
Melee: War axe           |    43 |       |       |       ||    43
       Hand axe          |    42 |   103 |       |     6 ||   151
       Long sword        |       |     6 |   170 |   368 ||   544
       Unarmed           |       |       |     2 |     3 ||     5
       Scimitar          |       |       |       |    11 ||    11
Invok: Heroism           |       |       |     1 |     5 ||     6
       Finesse           |       |       |       |     1 ||     1
 Abil: Dig               |       |       |     2 |     2 ||     4
       Shaft Self        |       |       |       |     1 ||     1
Evoke: Wand              |       |       |     1 |    10 ||    11
  Use: Potion            |       |     1 |     3 |     1 ||     5
       Scroll            |       |       |     9 |     2 ||    11
Armor: Scale mail        |    15 |       |       |       ||    15
       Plate armour      |    51 |    65 |    90 |   231 ||   437
       Skin              |       |       |       |     1 ||     1
Dodge: Dodged            |    27 |    38 |    57 |   147 ||   269
Block: Buckler           |    27 |    26 |    56 |   132 ||   241
